 Dungeon Crawl Stone Soup version 0.24.1-14-gf8d2b509d9 (webtiles) character file.

Game seed: 7493815899241019507, levelgen mode: deterministic

259 Spinowolf the Poker (level 5, -8/50 HPs)
             Began as a Minotaur Chaos Knight on Nov 16, 2021.
             Was a Plaything of Xom.
             Mangled by Grinder (10 damage)
             ... while paralysed by Grinder
             ... on level 3 of the Dungeon.
             The game lasted 00:12:16 (967 turns).

Spinowolf the Poker (Minotaur Chaos Knight)          Turns: 967, Time: 00:12:17

Health: -8/50      AC:  5    Str: 16    XL:     5   Next: 94%
Magic:  0/4        EV:  2    Int: 10    God:    Xom [...*..]
Gold:   38         SH:  0    Dex: 10    Spells: 4/4 levels left

rFire    . . .     SeeInvis +   a - +0 spear (chaos)
rCold    . . .     Gourm    .   (no shield)
rNeg     . . .     Faith    .   b - +2 leather armour
rPois    .         Spirit   +   (helmet restricted)
rElec    .         Reflect  .   l - scarf {cloud immunity}
rCorr    .         Harm     .   (no gloves)
MR       .....                  (no boots)
Stlth    +.........             f - amulet of guardian spirit
HPRegen  0.16/turn              d - ring of wizardry
MPRegen  0.09/turn              h - ring of see invisible

@: paralysed, lethally poisoned (-8 -> -9)
A: retaliatory headbutt, horns 2
a: Renounce Religion


You were on level 3 of the Dungeon.
You worshipped Xom.
You were a favourite toy of Xom.
You were not hungry.

You visited 1 branch of the dungeon, and saw 3 of its levels.

You collected 38 gold pieces.

Inventory:

Hand Weapons
 a - a +0 spear of chaos (weapon)
Armour
 b - a +2 leather armour (worn)
 k - a +0 leather armour
 l - a scarf of cloud immunity (worn)
Jewellery
 d - a ring of wizardry (left hand)
 f - an amulet of guardian spirit (around neck)
 h - a ring of see invisible (right hand)
Wands
 i - a wand of random effects (7)
Scrolls
 e - a scroll of amnesia
 g - 2 scrolls of remove curse
 m - a scroll of magic mapping
Potions
 j - a potion of brilliance
Comestibles
 c - 5 rations


   Skills:
 + Level 5.7 Fighting
 + Level 5.8 Polearms
 + Level 3.3 Armour
 + Level 1.9 Dodging
 + Level 0.5 Stealth


You had 4 spell levels left.
You didn't know any spells.
Your spell library was empty.

Dungeon Overview and Level Annotations

Branches:
Dungeon (3/15)

Altars:

Annotations:
D:3 Grinder


Innate Abilities, Weirdness & Mutations

You reflexively headbutt those who attack you in melee.
You have a pair of horns on your head.


Message History

Your Armour skill increases to level 3!
You have reached level 5!
Grinder gestures at you.
You suddenly lose the ability to move!
A bat comes into view.
Found a stone staircase leading up.
Grinder hits you but does no damage.
Your rat bites Grinder.
* * * LOW HITPOINT WARNING * * *
You feel sick. Grinder hits you but does no damage.
Your rat closely misses Grinder.
The bat hits you. Grinder hits you but does no damage.
Your rat barely misses Grinder.
Grinder says, "Are you a fish?" Grinder gestures at you.
Pain shoots through your body! The bat hits you but does no damage.
Your rat barely misses Grinder.
Xom opens a gate.
The bat hits you but does no damage. Grinder hits you!
You die...
Xom bursts into laughter!

* ,, , ..., * * *
* ,* **##..** *, ,
**##$..##### ,* ,
**.........# *,*
,* * .....(.<.#
*,* ,
,**.......)†# * *
, **.......5)#*,
,*,, ,,
,,.......r.#*,,, ,
,* ,, .......5@#*,
, ,*,
,**.......b..<...#
, * ,
.............#..
,, * ,
...########..#,≈ ≈
, ,, ,, #. ** ..#≈
,, ,,, * ,** *.#≈,
, * ,*, * ,****
*,,# ,,,≈ * ,, , ,
,,,, ,≈≈≈ * * , ,
* * ,


You could see Grinder, a bat, a friendly iron imp and a friendly rat.

Vanquished Creatures
  Sigmund (D:3)
  Natasha (thrice) (D:2)
  An adder (D:3)
  3 orcs (D:3)
  A ball python (D:2)
  A goblin (D:2)
  A hobgoblin (D:2)
  2 jackals (D:1)
  A quokka (D:3)
  5 bats
  A frilled lizard (D:2)
  A kobold (D:2)
  A rat (D:1)
22 creatures vanquished.

Notes
Turn   | Place    | Note
-------+----------+-------------------------------------------
     0 | D:1      | Spinowolf the Minotaur Chaos Knight began the quest for the
                  | Orb.
     0 | D:1      | Reached XP level 1. HP: 19/19 MP: 0/0
    72 | D:1      | You fall into a shaft and drop 1 floor!
   260 | D:2      | Noticed Natasha
   265 | D:2      | XOM: potion effect (agility)
   266 | D:2      | Noticed a crimson imp
   267 | D:2      | Killed Natasha
   267 | D:2      | Reached XP level 2. HP: 16/27 MP: 1/1
   267 | D:2      | Reached XP level 3. HP: 19/33 MP: 2/2
   318 | D:2      | XOM: divination: detect creatures
   384 | D:2      | XOM: divination: detect creatures
   502 | D:2      | Noticed Natasha
   512 | D:2      | Killed Natasha
   533 | D:2      | Noticed Natasha
   538 | D:2      | Killed Natasha
   538 | D:2      | Reached skill level 5 in Fighting
   538 | D:2      | Reached XP level 4. HP: 30/42 MP: 1/3
   659 | D:2      | XOM: noise
   739 | D:2      | XOM: medium Fire miscast
   938 | D:3      | Noticed Grinder
   940 | D:3      | XOM: smoke on damage
   944 | D:3      | XOM: divination: magic mapping
   948 | D:3      | Noticed Sigmund
   951 | D:3      | XOM: cast spell 'Summon Small Mammal'
   954 | D:3      | XOM: cast spell 'Chain of Chaos'
   954 | D:3      | HP: 2/42 [Grinder/nerve-wracking pain (8)]
   959 | D:3      | HP: 1/42 [poisoned by an adder]
   961 | D:3      | Killed Sigmund
   961 | D:3      | Reached skill level 5 in Polearms
   961 | D:3      | Reached XP level 5. HP: 1/50 MP: 1/4
   962 | D:3      | Paralysed by Grinder for 7 turns
   964 | D:3      | HP: 1/50 [poisoned by an adder]
   967 | D:3      | XOM: summons friendly iron imp
   967 | D:3      | Mangled by Grinder

Levels and vault maps discovered:
D:1:      dpeg_arrival_signposts, layout_basic
D:2:      layout_basic, first_ration, hangedman_abyss_or_decor_stabs,
          uniq_natasha
D:3:      layout_rooms, nicolae_ru_awakened_eye, uniq_grinder, uniq_sigmund

Skill      XL: |  1  2  3  4 |
---------------+-------------+-----
Fighting       | 4 5 |  5.7
Polearms       | 4 5 |  5.8
Armour         | 3 |  3.3
Dodging        | |  1.9
Stealth        | |  0.5

Action                   |  1- 3 |  4- 6 || total
-------------------------+-------+-------++-------
Melee: Spear             |    33 |    16 ||    49
       Headbutt          |     6 |     3 ||     9
  Use: Scroll            |     5 |     1 ||     6
       Potion            |     1 |     1 ||     2
Armor: Leather armour    |    11 |     7 ||    18
Dodge: Dodged            |    24 |     6 ||    30
